 Dungeon Crawl Stone Soup version 0.26-a0-651-gb41185065b (webtiles) character file.

Game seed: 5067330121688574018

12042 Flugslaktarn the Cleaver (level 11, -7/106 HPs)
             Began as a Deep Dwarf Fighter on Oct 11, 2020.
             Was a High Priest of Makhleb.
             Killed from afar by a fire dragon (58 damage)
             ... with a blast of flame
             ... on level 12 of the Dungeon.
             The game lasted 00:05:12 (6175 turns).

Flugslaktarn the Cleaver (Deep Dwarf Fighter)       Turns: 6175, Time: 00:05:13

Health: -7/106     AC: 20    Str: 19    XL:     11   Next: 57%
Magic:  11/11      EV: 10    Int: 10    God:    Makhleb [*****.]
Gold:   839        SH:  6    Dex: 21    Spells: 10/10 levels left

rFire    x . .     SeeInvis .   a - +1 war axe
rCold    + . .     Faith    .   k - +0 buckler of the Cicada {rF- rN++ Dex+6}
rNeg     + + .     Spirit   .   e - +0 plate armour
rPois    .         Reflect  .   (no helmet)
rElec    .         Harm     .   E - +0 cloak
rCorr    .         Rampage  .   j - +2 pair of gloves
MR       +....                  b - +1 pair of boots
Stlth    ..........             (no amulet)
HPRegen  0.00/turn              c - ring of protection from cold
MPRegen  0.12/turn              h - ring of stealth

@: non-regenerating
A: damage resistance, heal wounds, sense surroundings 2, no regeneration
a: Heal Wounds, Minor Destruction, Lesser Servant of Makhleb, Major Destruction,
Greater Servant of Makhleb, Renounce Religion


You were on level 12 of the Dungeon.
You worshipped Makhleb.
Makhleb was extremely pleased with you.
You visited 2 branches of the dungeon, and saw 13 of its levels.
You also visited: Ossuary.

You collected 839 gold pieces.

Inventory:

Hand Weapons
 a - a +1 war axe (weapon)
 o - a +1 trident of distortion
   (You took it off an orc priest on level 8 of the Dungeon)
Missiles
 A - 2 throwing nets (quivered)
Armour
 b - a +1 pair of boots (worn)
   (You found it on level 7 of the Dungeon)
 e - a +0 plate armour (worn)
   (You found it on level 6 of the Dungeon)
 j - a +2 pair of gloves (worn)
   (You found it on level 4 of the Dungeon)
 k - the +0 buckler of the Cicada (worn) {rF- rN++ Dex+6}
   (You found it on level 4 of the Dungeon)

   It affects your dexterity (+6).
   It makes you vulnerable to fire.
   It greatly protects you from negative energy.
 m - a +0 kite shield
 E - a +0 cloak (worn)
   (You found it on level 9 of the Dungeon)
 G - a +1 chain mail of poison resistance
   (You took it off an orc warrior on level 9 of the Dungeon)
Jewellery
 c - a ring of protection from cold (left hand)
   (You found it on level 4 of the Dungeon)
 h - a ring of stealth (right hand)
   (You found it on level 7 of the Dungeon)
 z - a +6 ring of intelligence {unknown}
   (You found it on level 7 of the Dungeon)
Wands
 g - a wand of digging (3)
   (You found it on level 9 of the Dungeon)
 F - a wand of acid (5)
   (You found it on level 9 of the Dungeon)
Scrolls
 f - a scroll of enchant weapon
 n - a scroll of immolation
 r - a scroll of identify
 t - 2 scrolls of teleportation
 x - 4 scrolls of remove curse
 B - a scroll of summoning
 C - 2 scrolls of fear
 D - a scroll of fog
 I - a scroll of silence {unknown}
Potions
 d - 4 potions of might
 i - a potion of lignification
 l - 2 potions of ambrosia
 p - 3 potions of stabbing
 q - 2 potions of curing
 s - a potion of magic
 u - a potion of invisibility
 v - a potion of mutation
 w - a potion of heal wounds
 y - 2 potions of flight {unknown}
 H - a potion of cancellation {unknown}


   Skills:
 * Level 9.4 Fighting
 * Level 10.8 Axes
 + Level 8.3 Armour
 + Level 7.1 Dodging
 - Level 3.6 Shields
 + Level 8.0 Invocations
 + Level 6.3 Evocations


You had 10 spell levels left.
You didn't know any spells.
Your spell library was empty.

Dungeon Overview and Level Annotations

Branches:
Dungeon (12/15)            Temple (1/1) D:4            Lair (0/6) D:11
    Orc (0/2) D:9         Ossuary (visited)

Altars:
Ashenzari
Cheibriados
Dithmenos
Elyvilon
Fedhas
Gozag
Hepliaklqana
Kikubaaqudgha
Makhleb
Nemelex Xobeh
Okawaru
Ru
Sif Muna
Trog
Uskayaw
Vehumet
Wu Jian
Xom
Yredelemnul
Zin
The Shining One

Shops:
D:10 !

Annotations:
D:5 2 transporters, Lanoc's ghost, weakling DsDe
D:10 exclusion: ice statue


Innate Abilities, Weirdness & Mutations

You are resistant to damage.
You can heal yourself by infusing magical energy.
You passively map the area around you.
You do not regenerate.


Message History

An ogre comes into view. It is wielding a +0 giant club.
The vampire mosquito closely misses you.
You slash the fire dragon!
The fire dragon is lightly wounded.
You closely miss the vampire mosquito. You hit the bullfrog.
You miss the vampire mosquito. The vampire mosquito barely misses you.
The vampire mosquito bites you but does no damage.
The fire dragon misses you. The fire dragon barely misses you. x2
The bullfrog barely misses you.
You block the vampire mosquito's attack. x2
You hit the bullfrog but do no damage.
The bullfrog is moderately wounded.
You hit the vampire mosquito.
You hit the fire dragon but do no damage.
You barely miss the vampire mosquito. You block the bullfrog's attack.
You block the vampire mosquito's attack.
The fire dragon breathes flames at you. The blast of flame hits you!!!
The fire burns you terribly!
Ouch! That really hurt!
You die...

, , , , , , , *
.>. * * ... , *
.... , ..... ,
##########...O.
* #............#
+ * *
#.....y@F....#,,
#...(.yDyC...# *
, #............#
, ∩+, , * *
#............# ,
* ,
.######......# *
,, , ,, ,
#....### * ,,,+
#....# ,,, ,* ,
,#.[..# , , , *
* #....# * * * ,


You could see a fire dragon (catching breath), a cyclops, 3 vampire mosquitoes,
an ogre and a bullfrog.

Vanquished Creatures
  A two-headed ogre (D:9)
  A cyclops (D:11)
  A manticore (D:11)
  A gargoyle (D:11)
  2 komodo dragons (D:11)
  2 trolls
  3 hippogriffs
  A wyvern (D:8)
  Grum (D:10)
  Duvessa (D:5)
  A water moccasin (D:9)
  8 orc warriors
  3 sky beasts
  4 ice beasts
  A phantom (D:9)
  A black bear (D:7)
  5 wolves
  4 ogres
  4 centaurs
  5 bullfrogs
  A gnoll sergeant (D:6)
  A wyvern zombie (D:8)
  Dowan (D:5)
  2 scorpions
  8 killer bees (D:7)
  12 wights
  3 howler monkeys (D:7)
  3 electric eels
  4 centaur zombies
  4 hounds
  2 bullfrog skeletons
  2 gnoll shamans
  5 centaur skeletons
  3 jellies
  4 orc priests
  14 orc wizards
  5 iguanas
  Ijyb (D:3)
  11 worker ants
  2 hound zombies
  A hound skeleton (D:9)
  8 mummies (Ossuary)
  A howler monkey zombie (D:7)
  A worker ant zombie (D:9)
  13 gnolls
  11 adders
  A shadow imp (D:9)
  2 white imps (D:10)
  3 ufetubi
  An ooze (D:3)
  3 leopard geckos
  39 orcs
  2 ball pythons
  4 bats
  3 giant cockroaches
  5 goblins
  5 hobgoblins
  18 jackals
  5 quokkas
  3 frilled lizards
  2 gnoll zombies (Ossuary)
  3 hobgoblin zombies (Ossuary)
  5 kobolds (D:11)
  3 kobold zombies (Ossuary)
  3 rats
283 creatures vanquished.

Vanquished Creatures (collateral kills)
  A two-headed ogre (D:9)
  An ugly thing (D:11)
  A troll (D:11)
  A steam dragon (D:11)
  A big kobold (D:11)
  An electric eel (D:11)
  A hound (D:11)
  An orc wizard (D:9)
  An adder (D:11)
  2 kobolds (D:11)
11 creatures vanquished.

Grand Total: 294 creatures vanquished

Notes
Turn   | Place    | Note
-------+----------+-------------------------------------------
     0 | D:1      | Flugslaktarn the Deep Dwarf Fighter began the quest for the
                  | Orb.
     0 | D:1      | Reached XP level 1. HP: 20/20 MP: 1/1
    70 | D:1      | Reached XP level 2. HP: 24/27 MP: 2/2
   371 | D:3      | Noticed Ijyb
   388 | D:3      | Killed Ijyb
   388 | D:3      | Reached skill level 3 in Axes
   388 | D:3      | Reached XP level 3. HP: 29/34 MP: 3/3
   437 | D:3      | Reached XP level 4. HP: 33/42 MP: 4/4
   590 | D:4      | Reached skill level 1 in Dodging
   629 | D:4      | Reached XP level 5. HP: 17/50 MP: 5/5
   630 | D:4      | Reached skill level 4 in Axes
   645 | D:4      | Got a shimmering buckler
   656 | D:4      | Identified the cursed +0 buckler of the Cicada {rF- rN++
                  | Dex+6} (You found it on level 4 of the Dungeon)
   684 | D:4      | Found a sand-covered staircase.
   868 | D:4      | Reached XP level 6. HP: 44/57 MP: 6/6
  1100 | Ossuary  | Entered an ossuary
  1163 | Ossuary  | Reached skill level 5 in Axes
  1425 | D:4      | Found a staircase to the Ecumenical Temple.
  1453 | D:4      | Reached XP level 7. HP: 40/66 MP: 7/7
  1460 | Temple   | Entered the Ecumenical Temple
  1467 | Temple   | Became a worshipper of Makhleb the Destroyer
  1521 | D:5      | Entered Level 5 of the Dungeon
  1555 | D:5      | Noticed Lanoc's ghost (weakling DsDe)
  1577 | D:5      | Found a transporter.
  1591 | D:5      | Found a transporter.
  1631 | D:5      | Found an opulent altar of Gozag.
  1639 | D:5      | Reached skill level 1 in Invocations
  1651 | D:5      | Found an ancient bone altar of Kikubaaqudgha.
  2053 | D:6      | Noticed Dowan
  2054 | D:6      | Noticed Duvessa
  2073 | D:5      | Reached skill level 5 in Fighting
  2091 | D:6      | Reached skill level 5 in Armour
  2092 | D:6      | Reached * piety under Makhleb
  2103 | D:5      | Killed Duvessa
  2104 | D:5      | Killed Dowan
  2104 | D:5      | Reached skill level 6 in Axes
  2104 | D:5      | Reached XP level 8. HP: 25/75 MP: 9/9
  2302 | D:6      | Reached ** piety under Makhleb
  2401 | D:6      | Reached skill level 7 in Axes
  2401 | D:6      | Reached skill level 1 in Evocations
  2636 | D:7      | Gained mutation: You passively map the area around you.
                  | [Deep Dwarf growth]
  2636 | D:7      | Reached XP level 9. HP: 83/85 MP: 10/10
  2823 | D:7      | Found a shimmering altar of Xom.
  2839 | D:7      | Found a shimmering altar of Xom.
  3033 | D:7      | Found a shimmering altar of Xom.
  3033 | D:7      | Found a shimmering altar of Xom.
  3123 | D:8      | Reached skill level 8 in Axes
  3140 | D:8      | Reached skill level 5 in Dodging
  3148 | D:8      | Found an iron altar of Okawaru.
  3157 | D:8      | Reached skill level 5 in Invocations
  3172 | D:8      | Reached *** piety under Makhleb
  3769 | D:9      | Noticed a two-headed ogre
  3788 | D:9      | Killed a two-headed ogre
  3788 | D:9      | Reached XP level 10. HP: 40/96 MP: 12/12
  3917 | D:9      | Reached skill level 9 in Axes
  3945 | D:9      | Found a white marble altar of Elyvilon.
  4092 | D:9      | Reached **** piety under Makhleb
  4310 | D:9      | Noticed a two-headed ogre
  4315 | D:9      | Killed a two-headed ogre
  4572 | D:9      | Found a staircase to the Orcish Mines.
  4611 | D:10     | Entered Level 10 of the Dungeon
  4644 | D:10     | Noticed Grum
  4650 | D:10     | Reached skill level 5 in Evocations
  4660 | D:10     | Killed Grum
  4802 | D:10     | Noticed an ice statue
  4836 | D:10     | Found Jauryguint's Distillery.
  5073 | D:10     | Reached skill level 10 in Axes
  5073 | D:10     | Reached XP level 11. HP: 104/104 MP: 12/12
  5549 | D:11     | Noticed a green ugly thing
  5572 | D:11     | Killed a green ugly thing
  5632 | D:11     | Found a staircase to the Lair.
  5760 | D:11     | Reached ***** piety under Makhleb
  6170 | D:12     | Noticed a fire dragon
  6175 | D:12     | Killed from afar by a fire dragon

Illustrated notes

Levels and vault maps discovered:
D:1:      saegor_arrival_simple_d, layout_basic, serial_forest,
          infiniplex_forest_lined_3, infiniplex_forest_clump_tiny,
          infiniplex_forest_clump_diagonal, infiniplex_forest_diagonal,
          infiniplex_forest_zigzag_1, infiniplex_forest_end_1,
          infiniplex_forest_lined_1
D:2:      layout_basic, nicolae_qazlal_general_emergency,
          minmay_randomly_rotated_circles
D:3:      layout_basic, uniq_ijyb
D:4:      layout_cave_pods, temple_statues, lightli_ossuary_entry_decrepit_ruins
D:5:      layout_basic, grunt_temple_overflow_open, gammafunk_ghost_stat_death
D:6:      layout_rooms, uniq_duvessa
D:7:      minmay_inner_zag, layout_rooms, xom_shifter_show
D:8:      layout_loops_cross, okawaru_trees_2
D:9:      layout_loops_ring, elyvilon_altar_5, erik_orc_2
D:10:     layout_stronghold, serial_shops, nicolae_shop_trees, minivault_16,
          uniq_grum
D:11:     layout_small_grid, erik_lair_island
D:12:     layout_gridville, gauntlet_entry_generic, uniq_erolcha
Temple:   nicolae_temple_no_exploring_needed

Skill      XL: |  1  2  3  4  5  6  7  8  9 10 11 |
---------------+----------------------------------+-----
Fighting       | 3 4 5 6 7 8 9 |  9.4
Axes           | 3 4 5 6 7 8 10 | 10.8
Dodging        | 1 2 3 4 5 6 7 |  7.1
Armour         | 4 5 6 7 8 |  8.3
Invocations    | 2 4 5 7 8 |  8.0
Evocations     | 2 3 5 6 |  6.3
Shields        | |  3.6

Action                   |  1- 3 |  4- 6 |  7- 9 | 10-12 || total
-------------------------+-------+-------+-------+-------++-------
Melee: War axe           |    81 |   181 |   390 |   374 ||  1026
Invok: Lesser Servant of |       |       |       |     3 ||     3
 Abil: Heal Wounds       |       |     6 |    10 |    16 ||    32
Evoke: Wand              |       |       |     3 |     3 ||     6
  Use: Scroll            |       |     8 |     2 |     6 ||    16
       Potion            |       |     4 |       |     3 ||     7
 Stab: Distracted        |       |       |       |     3 ||     3
Armor: Scale mail        |    37 |    58 |       |       ||    95
       Skin              |     7 |       |       |       ||     7
       Chain mail        |       |    45 |   103 |       ||   148
       Plate armour      |       |       |   235 |   269 ||   504
Dodge: Dodged            |    26 |    68 |   255 |   180 ||   529
Block: Kite shield       |    49 |    49 |       |       ||    98
       Buckler           |       |    33 |   170 |   142 ||   345

Table legend: (Time is in decaauts)
 A = Elapsed time spent in this place.
 B = Non-inter-level travel time spent in this place.
 C = Inter-level travel time spent in this place.
 D = Time resting spent in this place.
 E = Time spent auto-exploring this place.
 F = Levels seen in this place.
 G = Mean time per level.
                   A        B        C        D        E       F      G
               +--------+--------+--------+--------+--------+-----+--------+
         Total |   6342 |   5955 |    387 |     34 |   3875 |  14 |  453.0 |
       Dungeon |   6126 |   5751 |    375 |     34 |   3774 |  12 |  510.5 |
        Temple |     14 |      2 |     12 |      0 |      0 |   1 |   14.0 |
       Ossuary |    201 |    201 |      0 |      0 |    101 |   1 |  201.0 |
               +--------+--------+--------+--------+--------+-----+--------+

Top non-repeatable levels by time:
    D:10: 856 daAuts
     D:9: 851 daAuts
     D:4: 765 daAuts
    D:11: 702 daAuts
     D:8: 688 daAuts
     D:5: 585 daAuts
     D:7: 553 daAuts
     D:6: 479 daAuts
     D:3: 356 daAuts
 Ossuary: 201 daAuts
     D:1: 176 daAuts
     D:2: 106 daAuts
  Temple: 14 daAuts
    D:12: 4 daAuts
